 Dungeon Crawl Stone Soup version 0.27.1-15-g792fb953b9 (webtiles) character file.

Game seed: 15026287816651977629

9 ces the Insei (level 2, 0/22 HPs)
             Began as a Djinni Transmuter on Nov 19, 2021.
             Slain by a ball python (3 damage)
             ... on level 1 of the Dungeon.
             The game lasted 00:01:14 (973 turns).

ces the Insei (Djinni Transmuter)                    Turns: 973, Time: 00:01:15

Health: 0/22       AC:  2    Str:  9    XL:     2   Next: 20%
Gold:   23         EV:  9    Int: 14    God:
                   SH:  0    Dex: 13

rFire    + + .     SeeInvis .     - Unarmed
rCold    x . .     Faith    .   (no shield)
rNeg     . . .     Spirit   .   a - +0 robe
rPois    ∞         Reflect  .   (helmet currently unavailable)
rElec    .         Harm     .   (no cloak)
rCorr    .         Rampage  .   (no gloves)
Will     .....                  (boots unavailable)
Stlth    +.........             (no amulet)
HPRegen  0.07/turn              (no ring)
MPRegen  0.00/turn              (no ring)

@: appendages, flying, constricted
A: horns 2, flying, sickness immunity, fire resistance 2, cold vulnerability 1,
float, innate caster, hp casting, extra vitality 1
a: End Transformation


You were on level 1 of the Dungeon.
You had temporarily grown beastly horns.
You visited 1 branch of the dungeon, and saw 1 of its levels.

You collected 23 gold pieces.

Inventory:

Armour
 a - a +0 robe (worn)
Scrolls
 b - a scroll of identify {unknown}
 d - a scroll of summoning {unknown}
 e - a scroll of fear {unknown}
 f - a scroll of blinking {unknown}
Potions
 c - 2 potions of attraction {unknown}


   Skills:
 + Level 1.0 Fighting
 + Level 2.3 Dodging
 + Level 3.4 Unarmed Combat
 + Level 1.6 Spellcasting


You couldn't memorise any spells.
You knew the following spells:

 Your Spells              Type           Power      Damage    Failure   Level
a - Beastly Appendage     Tmut           10%        N/A       12%         1
b - Wereblood             Tmut           5%         N/A       19%         2
c - Spider Form           Tmut/Pois      2%         N/A       36%         3
d - Ice Form              Ice/Tmut       5%         N/A       77%         4
Your spell library was empty.

Dungeon Overview and Level Annotations

Branches:
Dungeon (1/15)

Altars:


Innate Abilities, Weirdness & Mutations

You have temporarily grown beastly horns.
You are flying.
You are immune to sickness and miasma.
You are immune to poison.
Your flesh is very heat resistant. (rF++)
You are vulnerable to cold. (rC-)
You float through the air rather than walking.
You learn spells naturally, not from books.
Your magical power is your life essence.
You have superior vitality. (+4 HP)


Message History

The goblin hits you with a +0 dagger.
You hit the goblin but do no damage.
The goblin is heavily wounded.
Your transformation is almost over.
The goblin hits you with a +0 dagger.
You hit the goblin.
The goblin is severely wounded.
The goblin hits you with a +0 dagger.
You completely miss the goblin. Your headbutt misses the goblin.
The goblin is severely wounded.
The ball python bites you. The ball python barely misses you.
The goblin hits you with a +0 dagger.
You are too injured to fight recklessly!
You are too injured to fight recklessly!
The goblin hits you with a +0 dagger. The ball python bites you.
* * * LOW HITPOINT WARNING * * *
The ball python misses you.
You closely miss the ball python. The ball python bites you.
* * * LOW HITPOINT WARNING * * *
The ball python misses you.
You closely miss the ball python. Your punch misses the ball python.
The ball python closely misses you. The ball python completely misses you.
You closely miss the ball python.
Your horns disappear.
The ball python closely misses you. The ball python barely misses you.
You hit the ball python.
The ball python is moderately wounded.
The ball python misses you. The ball python grabs you.
The ball python constricts you.
* * * LOW HITPOINT WARNING * * *
The ball python bites you.
* * * LOW HITPOINT WARNING * * *
The ball python constricts you.
Casting: Beastly Appendage (safe; 12% risk of failure)
Confirm with . or Enter, or press ? or * to list all spells.
You grow a pair of large bovine horns.
* * * LOW HITPOINT WARNING * * *
The ball python bites you.
You die...

#.....≈≈...≈..≈# .#
#..≈≈.≈≈≈≈≈≈≈≈≈# .#
#..≈≈≈≈≈≈≈≈≈≈.≈# .#
#.≈.≈≈≈≈≈≈≈≈≈≈.# .#
#...≈≈≈≈≈≈≈≈≈..##.######
#...†≈≈..≈≈≈≈≈..........
#..≈≈≈≈._≈≈≈≈≈.#g######.
#.≈≈≈≈≈..≈≈≈≈..#S#
#...≈≈≈≈≈≈≈≈≈.≈#@#
##..≈≈≈≈≈≈≈≈≈≈.#.#
#.≈≈≈≈≈≈≈≈≈≈≈.#.#
#..≈.≈≈≈...≈.≈#..
#≈.....≈≈..≈.≈#.#
###############.# #.#
#.#


You could see a goblin and a ball python.

Vanquished Creatures
  A dart slug (D:1)
  A ball python (D:1)
  2 bats (D:1)
  2 endoplasms (D:1)
6 creatures vanquished.

Notes
Turn   | Place    | Note
-------+----------+-------------------------------------------
     0 | D:1      | ces the Djinni Transmuter began the quest for the Orb.
     0 | D:1      | Reached XP level 1. HP: 17/17 MP: 0/0
   717 | D:1      | Reached XP level 2. HP: 20/22 MP: 0/0
   886 | D:1      | Found a faded altar of an unknown god.
   973 | D:1      | Slain by a ball python

Illustrated notes

Levels and vault maps discovered:
D:1:      dpeg_arrival_line_fractal, layout_loops_ring,
          chequers_ecumenical_altar_island, chequers_serial_rivers_room_a,
          dk_noncrumbling_2, chequers_jeans, minivault_4, minmay_misc_feat_chi

Action                   || total
-------------------------++-------
Melee: Unarmed           ||    41
       Headbutt          ||     6
 Cast: Beastly Appendage ||     8
Armor: Robe              ||     9
Dodge: Dodged            ||    43
